 Dungeon Crawl Stone Soup version 0.27-a0-475-g4587593e40 (webtiles) character file.

Game seed: 6427121877009726366

2 Chiseanne the Magician (level 1, 0/13 HPs)
             Began as a Demonspawn Wanderer on Mar 1, 2021.
             Slain by a jackal (1 damage)
             ... on level 1 of the Dungeon.
             The game lasted 00:00:25 (51 turns).

Chiseanne the Magician (Demonspawn Wanderer)          Turns: 51, Time: 00:00:25

Health: 0/13       AC:  2    Str: 12    XL:     1   Next: 33%
Magic:  0/5        EV: 11    Int: 16    God:
Gold:   0          SH:  0    Dex:  9    Spells: 7/8 levels left

rFire    . . .     SeeInvis .   a - +0 club
rCold    . . .     Faith    .   (no shield)
rNeg     . . .     Spirit   .   d - +0 robe
rPois    .         Reflect  .   (no helmet)
rElec    .         Harm     .   (no cloak)
rCorr    .         Rampage  .   (no gloves)
Will     .....                  (no boots)
Stlth    +.........             (no amulet)
HPRegen  0.04/turn              (no ring)
MPRegen  0.09/turn              (no ring)

@: no status effects
A: no striking features
a: no special abilities


You were on level 1 of the Dungeon.
You visited 1 branch of the dungeon, and saw 1 of its levels.

Inventory:

Hand Weapons
 a - a +0 club (weapon)
Missiles
 b - 30 stones
Armour
 d - a +0 robe (worn)
Wands
 c - a wand of random effects (15)


   Skills:
 * Level 0.2 Fighting
 - Level 1.0 Throwing
 * Level 0.1 Dodging
 * Level 4.0 Spellcasting
 * Level 0.2 Conjurations
 - Level 1.7 Air Magic
 - Level 1.7 Earth Magic
 - Level 1.0 Evocations


You had 7 spell levels left.
You knew the following spells:

 Your Spells              Type           Power        Failure   Level
a - Magic Dart            Conj           12%          16%         1

Your spell library contained the following spells:

 Spells                   Type           Power        Failure   Level
 Blink                    Tloc           N/A          26%         2
 Call Imp                 Summ           3%           26%         2
 Slow                     Hex            3%           26%         2
 Mephitic Cloud           Conj/Pois/Air  5%           36%         3
 Conjure Flame            Conj/Fire      3%           43%         3


Dungeon Overview and Level Annotations

Branches:
Dungeon (1/15)

Altars:


Message History

The magic dart hits the jackal.
The jackal is almost dead.
The jackal bites you.
Casting: Magic Dart (safe; 16% risk of failure)
Confirm with . or Enter, or press ? or * to list all spells.
You don't have enough magic to cast this spell.
Casting: Magic Dart (safe; 16% risk of failure)
Confirm with . or Enter, or press ? or * to list all spells.
You don't have enough magic to cast this spell.
You hit the jackal but do no damage.
The jackal is severely wounded.
The jackal bites you but does no damage. x2
You closely miss the jackal.
The jackal is severely wounded.
The jackal barely misses you. The jackal bites you.
You hit the jackal.
You kill the jackal!
The jackal bites you but does no damage.
You closely miss the jackal. The jackal barely misses you.
You closely miss the jackal. The jackal completely misses you.
The jackal bites you but does no damage.
You hit the jackal but do no damage. The jackal bites you.
The jackal barely misses you.
Casting: Magic Dart (safe; 16% risk of failure)
Confirm with . or Enter, or press ? or * to list all spells.
Aiming: Magic Dart (safe; 16% risk of failure)
Press: ? - help, Shift-Dir - straight line, f - jackal
Aim: a jackal (0% to evade)
The magic dart hits the jackal but does no damage.
The jackal barely misses you.
You hit the jackal.
The jackal is heavily wounded.
The jackal bites you.
* * * LOW HITPOINT WARNING * * *
The jackal bites you.
* * * LOW HITPOINT WARNING * * *
You barely miss the jackal.
The jackal is heavily wounded.
The jackal bites you.
You die...

≈≈ ≈♣ P♣ P♣ .# .# ###########
##########.#
##...##...####..#h#.....#
..##.##.##.##.#.@#..##..#
###.#..###...#####..##...hh...
..###..# ####..##.#.##.##.#h..
##.#.#.# ##.###....# .# # #
#..##. # ###### . #### #. # ##


You could see a jackal.

Vanquished Creatures
  2 jackals (D:1)
2 creatures vanquished.

Notes
Turn   | Place    | Note
-------+----------+-------------------------------------------
     0 | D:1      | Chiseanne the Demonspawn Wanderer began the quest for the
                  | Orb.
     0 | D:1      | Chiseanne set off with the following items: a +0 club, a
                  | wand of random effects (15), a +0 robe; and the following
                  | spell memorised: Magic Dart; and the following spells
                  | available to memorise: Blink, Call Imp, Slow, Mephitic
                  | Cloud, Conjure Flame
     0 | D:1      | Reached XP level 1. HP: 13/13 MP: 5/5
    51 | D:1      | Slain by a jackal

Illustrated notes

Levels and vault maps discovered:
D:1:      dpeg_arrival_signposts, layout_basic, serial_forest,
          infiniplex_forest_straight_2, infiniplex_forest_lined_ring,
          infiniplex_forest_pool, infiniplex_forest_straight_1,
          infiniplex_forest_end_1, infiniplex_forest_straight_2,
          infiniplex_forest_straight_4, infiniplex_forest_lined_4_way,
          infiniplex_forest_end_1

Action                   || total
-------------------------++-------
Melee: Club              ||     8
 Cast: Magic Dart        ||     6
Armor: Robe              ||     6
Dodge: Dodged            ||     6

Table legend: (Time is in decaauts)
 A = Elapsed time spent in this place.
 B = Non-inter-level travel time spent in this place.
 C = Inter-level travel time spent in this place.
 D = Time resting spent in this place.
 E = Time spent auto-exploring this place.
 F = Levels seen in this place.
 G = Mean time per level.
                   A        B        C        D        E       F      G
               +--------+--------+--------+--------+--------+-----+--------+
         Total |     53 |     53 |      0 |      2 |     29 |   1 |   53.0 |
       Dungeon |     53 |     53 |      0 |      2 |     29 |   1 |   53.0 |
               +--------+--------+--------+--------+--------+-----+--------+

Top non-repeatable levels by time:
     D:1: 53 daAuts
